 Dungeon Crawl Stone Soup version 0.20.1-1-g8b1a95d (webtiles) character file.

228955 McKennaii the Stormcaller (level 19, -3/98 HPs)
             Began as a Tengu Air Elementalist on Aug 6, 2017.
             Was the Champion of Vehumet.
             Slain by a merfolk
             ... wielding a +0 trident
              (8 damage)
             ... on level 3 of the Shoals on Aug 7, 2017.
             The game lasted 03:52:55 (64295 turns).

McKennaii the Stormcaller (Tengu Air Elementalist) Turns: 64295, Time: 03:52:56

Health: -3/98      AC: 15    Str: 13    XL:     19   Next: 82%
Magic:  27/61      EV: 16    Int: 26    God:    Vehumet [******]
Gold:   1272       SH:  0    Dex: 19    Spells: 4/57 levels left

rFire    . . .     SeeInvis .   p - staff of conjuration
rCold    . . .     Gourm    .   h - +2 shield
rNeg     . . .     Faith    .   O - +4 acid dragon scales
rPois    .         Spirit   .   H - +2 hat
rElec    +         Reflect  +   s - scarf "Adofywke" {Str+3 Int+3}
rCorr    +         Harm     .   b - +1 pair of gloves {Dex+3}
MR       +....                  (boots unavailable)
Stlth    +.........             R - +5 amulet of reflection
Regen    0.3/turn               W - ring "Liuzuics" {+Fly rElec MP+9 Dex+2}
MPRegen  0.4/turn               M - ring of magical power

@: confused, flying quickly and evasively, mesmerised, slightly contaminated,
quick
A: beak, talons 3, blink, mutation resistance 1, able to fly 2
a: Stop Flying, Blink, Renounce Religion


You were on level 3 of the Shoals.
You worshipped Vehumet.
Vehumet was exalted by your worship.
You were near starving.

You visited 7 branches of the dungeon, and saw 32 of its levels.

You collected 3982 gold pieces.
You spent 2710 gold pieces at shops.

Inventory:

Armour
 b - a +1 pair of gloves of dexterity (worn)
 h - a +2 shield (worn)
 s - the scarf "Adofywke" (worn) {Str+3 Int+3}
   (You acquired it on level 1 of the Shoals)

   It affects your strength (+3).
   It affects your intelligence (+3).
 H - a +2 hat (worn)
 O - +4 acid dragon scales (worn)
Magical Staves
 p - an uncursed staff of conjuration (weapon)
Jewellery
 E - an uncursed ring of positive energy
 F - an uncursed ring of protection from cold
 J - an uncursed ring of stealth
 M - a ring of magical power (right hand)
 R - a +5 amulet of reflection (around neck)
 W - the ring "Liuzuics" (left hand) {+Fly rElec MP+9 Dex+2}
   (You took it off a deep elf annihilator on level 3 of the Elven Halls)

   [ring of flight]

   It affects your dexterity (+2).
   It insulates you from electricity.
   It affects your magic capacity (+9).
   It lets you fly.
Scrolls
 a - 4 scrolls of holy word
 d - a scroll of identify
 e - 7 scrolls of magic mapping
 m - 2 scrolls of blinking
 q - 6 scrolls of recharging
 u - 7 scrolls of enchant weapon
 v - 8 scrolls of amnesia
 x - 2 scrolls of silence
 z - 3 scrolls of fear
 K - 2 scrolls of fog
 L - 10 scrolls of remove curse
 X - 5 scrolls of teleportation
Potions
 f - 6 potions of curing
 g - a potion of mutation
 k - 6 potions of might
 l - a potion of cancellation
 n - a potion of haste
 A - 4 potions of brilliance
 B - 4 potions of agility
 G - a potion of invisibility
 P - 2 potions of magic
 S - 3 potions of resistance
 V - 2 potions of berserk rage
Books
 j - a book of the Sky

   Spells                             Type                      Level
   a - Summon Lightning Spire         Summoning/Air                4
   b - Silence                        Hexes/Air                    5
   c - Deflect Missiles               Charms/Air                   6
   d - Conjure Ball Lightning         Conjuration/Air              6
   e - Tornado                        Air                          9
Comestibles
 c - 4 bread rations
 i - 15 royal jellies
 r - 2 meat rations
 Z - 16 fruits


   Skills:
 + Level 4.3 Fighting
 + Level 6.3 Armour
 + Level 5.9 Dodging
 + Level 4.4 Stealth
 * Level 6.0 Shields
 + Level 19.9 Spellcasting
 + Level 20.1 Conjurations
 + Level 1.4 Charms
 + Level 5.8 Summonings
 + Level 1.2 Transmutations
 + Level 1.8 Fire Magic
 * Level 20.6 Air Magic
 + Level 1.2 Poison Magic
 + Level 0.2 Evocations


You had 4 spell levels left.
You knew the following spells:

 Your Spells              Type           Power        Failure   Level  Hunger
a - Shock                 Conj/Air       ####         0%          1    None
b - Swiftness             Chrm/Air       ######..     1%          2    None
c - Lightning Bolt        Conj/Air       ########..   1%          5    None
d - Throw Flame           Conj/Fire      ######       1%          2    None
e - Mephitic Cloud        Conj/Pois/Air  #######.     1%          3    None
f - Call Imp              Summ           ######..     1%          2    None
g - Tornado               Air            #######...   28%         9    #######
h - Irradiate             Conj/Tmut      #######...   1%          5    None
i - Orb of Destruction    Conj           ########..   1%          7    ####...
j - Conjure Ball Lightni  Conj/Air       ########..   1%          6    ##.....
k - Summon Lightning Spi  Summ/Air       #######.     1%          4    None
l - Spellforged Servitor  Conj/Summ      #######...   9%          7    ####...


Dungeon Overview and Level Annotations

Branches:
Dungeon (15/15)            Temple (1/1) D:7            Lair (6/6) D:8
 Shoals (3/4) Lair:3       Spider (2/4) Lair:4        Slime (0/5) Lair:5
    Orc (2/2) D:10            Elf (3/3) Orc:2        Vaults (0/5) D:13
 Depths (0/5) D:15

Altars:
Gozag
Hepliaklqana
Kikubaaqudgha
Makhleb
Vehumet
Xom
Zin
Beogh
Jiyva

Shops:
D:7 ?   D:12 *   D:13 *!   D:14 (   Orc:2 [[[(   Elf:1 ?[*:   Elf:3 %:[
Shoals:1 %   Shoals:2 }[(?

Portals:
Hell: Lair:6
Trove: Elf:3 (give 4 scrolls of blinking)

Annotations:
D:12 ANON1729's ghost, journeyman MiFi
Shoals:3 Polyphemus
Spider:2 exclusion: Roxanne, Arachne; Roxanne


Innate Abilities, Weirdness & Mutations

You have a beak for a mouth.
You have claws for feet.
You can fly continuously.
You can translocate small distances at will.
You are somewhat resistant to further mutation.


Message History

The blast of lightning engulfs your faun.
The merfolk avatar chants its luring song.
The merfolk throws a tomahawk.
The tomahawk barely misses your snapping turtle.
The tomahawk hits your spellforged servitor.
You block the water elemental's attack.
The merfolk hits you from afar with a trident!
* * * LOW HITPOINT WARNING * * *
Polyphemus throws a large rock.
The large rock completely misses your faun.
The large rock hits the merfolk!
You hear a splash.
The water elemental hits your snapping turtle.
A manticore and a dream sheep come into view.
Unknown command.
Unknown command.
You are confused.
You feel invigorated.
The merfolk hits you from afar with a trident!
You die...

≈≈≈≈≈≈≈H≈≈≈≈...
≈C≈≈≈≈≈≈≈≈≈...≈≈
≈≈H≈≈≈≈≈≈≈≈≈≈..≈≈
≈≈≈.≈≈≈≈≈≈≈≈≈m≈%.
≈....≈≈≈≈≈≈..$.Y.
≈.≈.%≈≈c≈≈....Y..
≈.....≈mmE)Y.#
.....≈.mt@m..##
...)≈..E..c.c.#
.......<8....m#
≈..........?.....
........≈........
........≈........
....%....≈.......
..............#..
../.≈.≈≈≈.....#


You could see Polyphemus, a merfolk avatar, 4 merfolk, 2 manticores, 2 water
elementals, 3 dream sheep, a friendly spellforged servitor, a friendly snapping
turtle, 3 friendly fauns and a friendly merfolk siren.

Vanquished Creatures
  Mara (Elf:3)
  Saint Roka (Orc:2)
  The ghost of sadgrasan the Severer, an adept FoFi of the Shining One (Elf:3)
  A deep elf blademaster (Elf:3)
  A deep elf master archer (Elf:3)
  Frances (D:12)
  Kirke (D:12)
  Donald (Elf:3)
  Louise (Lair:4)
  5 deep elf sorcerers
  Aizul (Lair:4)
  7 deep elf elementalists (Elf:3)
  A war gargoyle (D:14)
  5 deep elf demonologists (Elf:3)
  An entropy weaver (Spider:1)
  A stone giant (shapeshifter) (D:15)
  Azrael (D:15)
  7 deep elf annihilators (Elf:3)
  An ettin (Orc:1)
  A dire elephant (Lair:6)
  Snorg (D:10)
  4 deep elf death magi
  A merfolk impaler (Shoals:2)
  3 deep elf high priests (Elf:3)
  A fire dragon (shapeshifter) (D:14)
  Josephine (D:10)
  5 vault guards (Elf:3)
  2 peacekeepers (Elf:1)
  9 hydras
  A death knight (D:12)
  2 alligator snapping turtles (Shoals:2)
  A catoblepas (Lair:5)
  5 centaur warriors
  A merfolk aquamancer (Shoals:2)
  3 tengu warriors
  32 dancing weapons
  7 death yaks
  3 orc high priests (Orc:2)
  10 two-headed ogres
  Urug (Orc:1)
  26 deep elf knights
  Sonja (Lair:2)
  Nergalle (D:12)
  An unseen horror (D:12)
  2 wizards
  4 sea snakes
  A glowing orange brain (D:15)
  4 lindwurms (Lair:6)
  5 harpies
  15 deep elf archers
  A wolf spider zombie (D:15)
  2 wolf spiders (Lair:4)
  2 orb spiders (Spider:1)
  64 deep elf magi
  An orc knight (Orc:2)
  A necromancer (Elf:1)
  An orc sorcerer (Orc:1)
  10 manticores
  7 fauns (Shoals:1)
  11 ugly things
  3 centaur zombies
  2 cyclopes
  Maurice (D:8)
  4 merfolk sirens
  A torpor snail (Lair:3)
  6 black mambas
  2 water nymphs (Shoals:2)
  9 gargoyles
  16 spiny frogs
  2 centaur skeletons
  4 kobold demonologists (D:12)
  3 orange demons (Lair:6)
  A yaktaur (D:15)
  2 efreet
  A freezing wraith (D:14)
  3 demonic crawlers
  13 komodo dragons
  10 rime drakes
  7 trolls
  2 ice devils (Lair:6)
  A tengu conjurer (D:14)
  3 wind drakes (Shoals:1)
  9 merfolk
  17 jumping spiders
  2 hornets
  3 meliai
  6 slime creatures (D:15)
  A polar bear (Lair:5)
  A blink frog (shapeshifter) (D:15)
  14 blink frogs
  4 snapping turtles
  13 hippogriffs
  29 redbacks
  9 water elementals
  4 shadows
  7 tarantellas
  A tarantella (shapeshifter) (D:15)
  7 wraiths
  9 air elementals
  2 vampires
  5 wyverns
  6 fire elementals
  4 hungry ghosts
  3 basilisks
  A hog (D:12)
  41 yaks
  2 large abominations (Elf:1)
  A steam dragon (Shoals:1)
  10 vampire mosquitoes
  Menkaure (D:6)
  2 acid dragons
  2 wargs (Orc:2)
  16 water moccasins
  9 hell hounds
  A soldier ant (D:13)
  14 porcupines
  31 orc warriors
  3 black bears
  6 ice beasts
  A phantom (D:8)
  5 sky beasts
  3 eyes of draining
  18 ogres
  4 wolves
  A necrophage (D:13)
  23 centaurs
  14 crocodiles
  2 big kobolds (D:12)
  4 elf zombies (Elf:1)
  A gnoll sergeant (Lair:1)
  Blork the orc (D:6)
  25 bullfrogs
  6 earth elementals
  A wyvern zombie (D:10)
  4 scorpions
  20 killer bees
  22 wights
  6 howler monkeys
  4 jellies
  4 bullfrog zombies
  5 crimson imps
  8 hounds
  3 bullfrog skeletons
  26 orc priests
  24 orc wizards
  2 iguanas
  Terence (D:3)
  11 hell rats
  10 worker ants
  A killer bee zombie (D:8)
  2 hound zombies
  A worker ant zombie (D:6)
  8 gnolls
  A howler monkey skeleton (D:10)
  13 adders
  5 shadow imps
  An ooze (D:5)
  2 adder zombies
  An adder skeleton (D:8)
  2 worms
  2 dart slugs
  5 leopard geckos
  118 orcs
  7 bats
  5 giant cockroaches
  9 goblins
  4 hobgoblins
  5 jackals
  4 quokkas
  A ball python (D:6)
  4 frilled lizards
  A jackal skeleton (D:6)
  17 kobolds
  A leopard gecko skeleton (D:5)
  A leopard gecko zombie (D:6)
  A quokka skeleton (D:5)
  A quokka zombie (D:6)
  5 rats
  2 fungi
  11 plants
1185 creatures vanquished.

Vanquished Creatures (collateral kills)
  A deep elf blademaster (Elf:2)
  A deep elf elementalist (Elf:3)
  A deep elf annihilator (Elf:3)
  A merfolk avatar (Shoals:1)
  2 dancing weapons (Elf:3)
  A sea snake (Shoals:1)
  4 deep elf magi
  A faun (Shoals:1)
  A merfolk siren (Shoals:3)
  5 wind drakes
  A dream sheep (Shoals:3)
  A hippogriff (Shoals:1)
  2 snapping turtles (Shoals:2)
  3 redbacks
  A water elemental (Elf:3)
  A fire elemental (Elf:2)
  A steam dragon (Shoals:1)
  An earth elemental (Elf:3)
  6 ball lightnings
  4 plants (Shoals:2)
39 creatures vanquished.

Vanquished Creatures (others)
  A merfolk impaler (Shoals:3)
  A deep elf knight (Elf:2)
  81 ball lightnings
  A deep elf mage (Orc:2)
  A manticore (Shoals:3)
  4 humans (D:12)
  A centaur (D:12)
  A bush (Lair:4)
  8 fungi
  14 plants
113 creatures vanquished.

Grand Total: 1337 creatures vanquished

Notes
Turn   | Place    | Note
-------+----------+-------------------------------------------
     0 | D:1      | McKennaii the Tengu Air Elementalist began the quest for the Orb.
     0 | D:1      | Reached XP level 1. HP: 10/10 MP: 4/4
   317 | D:1      | Reached XP level 2. HP: 15/15 MP: 3/6
   727 | D:1      | Reached XP level 3. HP: 19/19 MP: 5/7
  1091 | D:2      | Found a radiant altar of Vehumet.
  1092 | D:2      | Found an ancient bone altar of Kikubaaqudgha.
  1092 | D:2      | Found a hazy altar of Hepliaklqana.
  1093 | D:2      | Found an opulent altar of Gozag.
  1102 | D:2      | Became a worshipper of Vehumet
  1490 | D:2      | Reached skill level 5 in Air Magic
  1995 | D:3      | Reached XP level 4. HP: 24/24 MP: 4/8
  1999 | D:3      | Learned a level 2 spell: Swiftness
  2703 | D:3      | Noticed Terence
  2746 | D:3      | Killed Terence
  2845 | D:3      | Gained mutation: You can fly. [Tengu growth]
  2845 | D:3      | Reached XP level 5. HP: 28/28 MP: 1/10
  2970 | D:3      | Reached * piety under Vehumet
  2970 | D:3      | Offered knowledge of Sandblast by Vehumet.
  3025 | D:3      | Found a faded altar of an unknown god.
  3271 | D:4      | Learned a level 5 spell: Lightning Bolt
  3303 | D:4      | Noticed an ogre
  3431 | D:4      | Killed an ogre
  3431 | D:4      | Reached XP level 6. HP: 33/33 MP: 7/12
  3743 | D:4      | Reached XP level 7. HP: 37/37 MP: 5/14
  3984 | D:4      | Reached skill level 5 in Conjurations
  4760 | D:5      | Entered Level 5 of the Dungeon
  4888 | D:5      | Offered knowledge of Throw Flame by Vehumet.
  4888 | D:5      | Reached skill level 5 in Spellcasting
  4892 | D:5      | Reached ** piety under Vehumet
  4898 | D:5      | Learned a level 2 spell: Throw Flame
  5019 | D:5      | Reached XP level 8. HP: 42/42 MP: 5/16
  5171 | D:5      | Got a vibrating crystal amulet
  6159 | D:6      | Noticed Menkaure
  6165 | D:6      | Killed Menkaure
  6623 | D:6      | Reached XP level 9. HP: 35/46 MP: 10/19
  6836 | D:6      | Identified the amulet "Dodokhlai" {rC+ Regen+} (You found it on level 5 of the Dungeon)
  6867 | D:6      | Offered knowledge of Mephitic Cloud by Vehumet.
  6872 | D:6      | Learned a level 3 spell: Mephitic Cloud
  6968 | D:6      | Noticed Blork the orc
  7232 | D:6      | Killed Blork the orc
  7302 | D:6      | Reached *** piety under Vehumet
  7460 | D:6      | Learned a level 2 spell: Call Imp
  8015 | D:7      | Found a staircase to the Ecumenical Temple.
  8063 | D:6      | Reached skill level 10 in Air Magic
  8249 | D:7      | Offered knowledge of Olgreb's Toxic Radiance by Vehumet.
  8255 | D:7      | Learned a level 4 spell: Olgreb's Toxic Radiance
  8412 | Temple   | Entered the Ecumenical Temple
  8553 | D:7      | Reached XP level 10. HP: 47/51 MP: 2/23
  8915 | D:7      | Found Zin's Purification Station.
  8916 | D:7      | Found Rayskut's Magic Scroll Shop.
  8926 | D:7      | Bought a scroll of identify for 28 gold pieces
  8926 | D:7      | Bought a scroll of summoning for 133 gold pieces
  8935 | D:7      | Found a glowing silver altar of Zin.
  8950 | D:7      | Bought a scroll of identify for 28 gold pieces
  8950 | D:7      | Bought a scroll of identify for 28 gold pieces
  8950 | D:7      | Bought a scroll of identify for 28 gold pieces
  8950 | D:7      | Bought a scroll of teleportation for 42 gold pieces
  8950 | D:7      | Bought a scroll of teleportation for 42 gold pieces
  9265 | D:8      | Reached skill level 10 in Conjurations
  9542 | D:8      | Noticed Maurice
  9693 | D:8      | Killed Maurice
 10114 | D:8      | Found a staircase to the Lair.
 10431 | D:9      | Reached **** piety under Vehumet
 10680 | D:9      | Offered knowledge of Irradiate by Vehumet.
 10754 | D:9      | Reached skill level 1 in Fighting
 10755 | D:9      | Noticed a two-headed ogre
 10994 | D:9      | Reached skill level 1 in Armour
 11102 | D:9      | Reached skill level 1 in Charms
 11629 | D:9      | Learned a level 5 spell: Irradiate
 12137 | D:9      | Reached XP level 11. HP: 48/56 MP: 19/25
 12141 | D:9      | Reached skill level 1 in Fire Magic
 12431 | D:9      | Killed a two-headed ogre
 12431 | D:9      | Reached skill level 1 in Transmutations
 12431 | D:9      | Reached skill level 1 in Poison Magic
 12511 | D:10     | Entered Level 10 of the Dungeon
 12772 | D:10     | Found a staircase to the Orcish Mines.
 12956 | D:10     | Noticed Snorg
 12961 | D:10     | Killed Snorg
 14230 | D:10     | Noticed a two-headed ogre
 14235 | D:10     | Killed a two-headed ogre
 14235 | D:10     | Reached skill level 10 in Spellcasting
 14390 | D:10     | Reached ***** piety under Vehumet
 14390 | D:10     | Offered knowledge of Lee's Rapid Deconstruction by Vehumet.
 14575 | D:10     | Noticed a cyclops
 14579 | D:10     | Killed a cyclops
 15129 | D:11     | Noticed a centaur warrior
 15131 | D:11     | Killed a centaur warrior
 15389 | D:11     | Noticed a manticore
 15393 | D:11     | Killed a manticore
 15518 | D:11     | Reached XP level 12. HP: 44/61 MP: 3/27
 16732 | D:12     | Noticed a two-headed ogre
 17022 | D:12     | Noticed Frances
 17023 | D:12     | Noticed ANON1729's ghost (journeyman MiFi)
 17167 | Lair:1   | Entered Level 1 of the Lair of Beasts
 18372 | Lair:2   | Offered knowledge of Venom Bolt by Vehumet.
 18770 | Lair:2   | Noticed Sonja
 19339 | Lair:2   | Killed Sonja
 19971 | Lair:3   | Reached XP level 13. HP: 66/66 MP: 8/30
 20074 | Lair:3   | Found a staircase to the Shoals.
 22636 | Lair:4   | Found a hole to the Spider Nest.
 23665 | Lair:4   | HP: 2/67 [seven-headed hydra (10)]
 23931 | Lair:5   | Offered knowledge of Orb of Destruction by Vehumet.
 23982 | Lair:4   | Learned a level 7 spell: Orb of Destruction
 24738 | Lair:5   | Found a viscous altar of Jiyva.
 24738 | Lair:5   | Found a staircase to the Slime Pits.
 25072 | Lair:5   | Gained mutation: You can fly continuously. [Tengu growth]
 25072 | Lair:5   | Reached XP level 14. HP: 62/72 MP: 4/32
 25493 | Lair:6   | Entered Level 6 of the Lair of Beasts
 25903 | Lair:5   | Reached skill level 15 in Air Magic
 25967 | Lair:6   | Reached skill level 15 in Conjurations
 27219 | Lair:6   | Reached skill level 1 in Shields
 27705 | Lair:6   | Noticed a dire elephant
 27711 | Lair:6   | Reached skill level 5 in Dodging
 28610 | Lair:6   | Killed a dire elephant
 28996 | Lair:6   | Offered knowledge of Conjure Ball Lightning by Vehumet.
 29004 | Lair:6   | Learned a level 6 spell: Conjure Ball Lightning
 29451 | Lair:6   | Found a burning altar of Makhleb.
 29457 | Lair:6   | Found a gateway to Hell.
 30061 | D:12     | Noticed Kirke
 30849 | Orc:1    | Entered Level 1 of the Orcish Mines
 30892 | Orc:1    | Noticed Josephine
 30949 | D:10     | Killed Josephine
 31022 | D:10     | Reached skill level 15 in Spellcasting
 31022 | D:10     | Reached XP level 15. HP: 71/78 MP: 29/35
 31296 | Orc:1    | Noticed Urug
 31301 | Orc:1    | Killed Urug
 31576 | Orc:2    | Entered Level 2 of the Orcish Mines
 31576 | Orc:2    | Found a staircase to the Elven Halls.
 32152 | Orc:2    | Found a roughly hewn altar of Beogh.
 32172 | Orc:2    | Found a roughly hewn altar of Beogh.
 33323 | Orc:2    | Found a roughly hewn altar of Beogh.
 34230 | Orc:2    | Found a roughly hewn altar of Beogh.
 34470 | Orc:2    | Found a roughly hewn altar of Beogh.
 34476 | Orc:2    | Found Astaddinie's Armour Emporium.
 34710 | Orc:2    | Found a roughly hewn altar of Beogh.
 34714 | Orc:2    | Found Hidu's Antique Armour Shop.
 34720 | Orc:2    | Bought a pair of glowing gloves for 270 gold pieces
 34863 | Orc:2    | Noticed Saint Roka
 34882 | Orc:2    | Killed Saint Roka
 35404 | Orc:2    | Found Qir Kig's Antique Armour Shoppe.
 35406 | Orc:2    | Found a roughly hewn altar of Beogh.
 35407 | Orc:2    | Found Lyguts's Antique Weapon Emporium.
 35561 | D:12     | Noticed Nergalle
 35665 | D:12     | Killed Nergalle
 35948 | D:12     | Killed Kirke
 36140 | D:11     | Gained mutation: You can translocate small distances at will. [potion of mutation]
 36140 | D:11     | Gained mutation: You are somewhat resistant to further mutation. [potion of mutation]
 36594 | D:12     | Found Ythric's General Store.
 36597 | D:12     | Bought a scroll of enchant armour for 105 gold pieces
 36597 | D:12     | Bought a scroll of teleportation for 42 gold pieces
 37872 | D:12     | Found a runed door.
 37879 | D:12     | Identified Saeqeutz's Collected Works on Toxins and the Rocks
 38056 | D:12     | Offered knowledge of Poison Arrow by Vehumet.
 38773 | D:13     | Found Beovaas's Distillery.
 38779 | D:13     | Bought a potion of heal wounds for 95 gold pieces
 38779 | D:13     | Bought a potion of brilliance for 76 gold pieces
 38915 | D:13     | Found Xata's Assorted Antiques.
 38920 | D:13     | Bought a leatherbound book for 480 gold pieces
 38941 | D:13     | Learned a level 4 spell: Summon Lightning Spire
 39687 | D:13     | Found a gate to the Vaults.
 40023 | D:14     | Found Irymas's Antique Weapon Shoppe.
 40252 | D:14     | Reached XP level 16. HP: 55/83 MP: 32/37
 41745 | D:15     | Entered Level 15 of the Dungeon
 41785 | D:15     | Noticed Azrael
 41789 | D:15     | Killed Azrael
 42488 | D:15     | Reached ****** piety under Vehumet
 42488 | D:15     | Offered knowledge of Iron Shot by Vehumet.
 42489 | D:15     | Reached skill level 5 in Armour
 43367 | D:15     | Found a staircase to the Depths.
 44091 | D:12     | Killed Frances
 44674 | Shoals:1 | Entered Level 1 of the Shoals
 45052 | Spider:1 | Entered Level 1 of the Spider Nest
 45756 | Spider:1 | Noticed Aizul
 45762 | Lair:4   | Killed Aizul
 47047 | Spider:1 | Noticed Louise
 47060 | Lair:4   | Killed Louise
 47060 | Lair:4   | Reached XP level 17. HP: 28/88 MP: 11/39
 47626 | Spider:1 | Offered knowledge of Spellforged Servitor by Vehumet.
 48160 | Spider:2 | Noticed Roxanne
 48175 | Spider:2 | Noticed Arachne
 48535 | D:7      | Bought a potion of curing for 90 gold pieces
 48668 | Elf:1    | Entered Level 1 of the Elven Halls
 49035 | Orc:2    | Learned a level 7 spell: Spellforged Servitor
 49184 | Elf:1    | Found Zecitsao's Assorted Antiques.
 49184 | Elf:1    | Found Loigigha's Armour Shoppe.
 49195 | Elf:1    | Found Vekequdgh's Book Shoppe.
 49706 | Elf:1    | Found Udiolid's Magic Scroll Shoppe.
 49978 | Elf:1    | Bought a potion of heal wounds for 180 gold pieces
 49978 | Elf:1    | Bought a scroll of blinking for 270 gold pieces
 49982 | Elf:1    | Bought a scroll of identify for 28 gold pieces
 49982 | Elf:1    | Bought a scroll of identify for 28 gold pieces
 51998 | Elf:1    | Identified the Reference Book on Evil
 52643 | Elf:2    | Found a runed gate.
 52643 | Elf:2    | Found a runed gate.
 52672 | Elf:1    | Reached skill level 1 in Summonings
 53124 | Elf:2    | Found Upuricogy's Food Shop.
 53225 | Elf:2    | Found a runed gate.
 53509 | Elf:2    | Offered knowledge of Fire Storm by Vehumet.
 53509 | Elf:2    | Offered knowledge of Glaciate by Vehumet.
 53509 | Elf:2    | Offered knowledge of Tornado by Vehumet.
 53875 | Elf:2    | Bought a meat ration for 60 gold pieces
 53875 | Elf:2    | Bought 4 fruits for 72 gold pieces
 53875 | Elf:2    | Bought a meat ration for 60 gold pieces
 53875 | Elf:2    | Bought a meat ration for 60 gold pieces
 53875 | Elf:2    | Bought a meat ration for 60 gold pieces
 53875 | Elf:2    | Bought a bread ration for 60 gold pieces
 53875 | Elf:2    | Bought a royal jelly for 24 gold pieces
 53875 | Elf:2    | Bought a meat ration for 60 gold pieces
 53875 | Elf:2    | Bought a fruit for 18 gold pieces
 53998 | Elf:2    | Reached XP level 18. HP: 94/94 MP: 25/41
 54669 | Elf:2    | Reached skill level 5 in Shields
 54700 | Elf:2    | Noticed a deep elf blademaster
 55000 | Elf:2    | Killed a deep elf blademaster
 56265 | Elf:3    | Entered Level 3 of the Elven Halls
 56265 | Elf:3    | Noticed Donald
 56272 | Elf:3    | Killed Donald
 56274 | Elf:3    | Found Debem's Food Emporium.
 56280 | Elf:3    | Bought a royal jelly for 26 gold pieces
 56280 | Elf:3    | Bought a royal jelly for 26 gold pieces
 56280 | Elf:3    | Bought a royal jelly for 26 gold pieces
 56668 | Elf:3    | Noticed sadgrasan's ghost (adept FoFi)
 56698 | Elf:3    | Killed sadgrasan's ghost
 56715 | Elf:3    | Noticed Mara
 56719 | Elf:3    | Found Rayskut's Book Emporium.
 56932 | Elf:3    | Found Ifra's Antique Armour Boutique.
 56985 | Elf:3    | Reached skill level 5 in Summonings
 57409 | Elf:3    | Killed Mara
 57697 | Elf:3    | Noticed a deep elf blademaster
 57702 | Elf:3    | Killed a deep elf blademaster
 57822 | Elf:3    | Got a translucent ring mail
 58611 | Elf:3    | Learned a level 9 spell: Tornado
 58679 | Elf:3    | Identified the cursed +1 ring mail of Ideaj {rF++ Stlth-} (You took it off a deep elf blademaster on level 3 of the Elven Halls)
 58686 | Elf:3    | Got a slimy robe
 58686 | Elf:3    | Got a faintly glowing brass ring
 58688 | Elf:3    | Got a faintly glowing falchion {drain}
 58705 | Elf:3    | Identified the +1 robe of the Hanged Man {rC+ SInv} (You took it off a deep elf annihilator on level 3 of the Elven Halls)
 58717 | Elf:3    | Identified the ring "Liuzuics" {+Fly rElec MP+9 Dex+2} (You took it off a deep elf annihilator on level 3 of the Elven Halls)
 58874 | Elf:3    | Reached XP level 19. HP: 98/98 MP: 43/43
 59550 | Elf:3    | Noticed a Tzitzimitl
 59551 | Elf:3    | Identified a scroll of acquirement
 59870 | Elf:3    | Got a scintillating bronze ring
 59967 | Elf:3    | Got a transparent hand crossbow
 59993 | Elf:3    | Identified the Volume of Flying Translocation
 60005 | Elf:3    | Identified the ring of Comiuwn {rElec Str+3} (You took it off a deep elf demonologist on level 3 of the Elven Halls)
 60066 | Elf:3    | Identified the cursed +0 hand crossbow of Calamity {penet, rF- rC- MP+9 Str+10} (You found it on level 3 of the Elven Halls)
 60749 | Elf:3    | Got a polished cloak
 60760 | Elf:3    | Identified the +1 cloak of Wusead {Str+3} (You found it on level 3 of the Elven Halls)
 61031 | Elf:3    | Found a portal to a secret trove of treasure.
 62683 | Shoals:1 | Found Vabrim's Food Boutique.
 62694 | Shoals:1 | Got a transparent scarf
 62707 | Shoals:1 | Identified the scarf "Adofywke" {Str+3 Int+3} (You acquired it on level 1 of the Shoals)
 63421 | Shoals:2 | Found Dyogeahu's Antique Armour Shoppe.
 63922 | Shoals:2 | Found Woyvoiwk's Gadget Shop.
 63971 | Shoals:2 | Found Ofrejef's Antique Weapon Shoppe.
 63977 | Shoals:2 | Found Feuhun's Magic Scroll Boutique.
 63985 | Shoals:2 | Bought a scroll of teleportation for 45 gold pieces
 63985 | Shoals:2 | Bought a scroll of teleportation for 45 gold pieces
 63985 | Shoals:2 | Bought a scroll of teleportation for 45 gold pieces
 63985 | Shoals:2 | Bought a scroll of identify for 30 gold pieces
 64294 | Shoals:3 | Noticed Polyphemus
 64294 | Shoals:3 | HP: 1/98 [merfolk/trident (15)]
 64295 | Shoals:3 | Slain by a merfolk

Skill      XL: |  1  2  3  4  5  6  7  8  9 10 11 12 13 14 15 16 17 18 19 |
---------------+----------------------------------------------------------+-----
Conjurations   | 2 3 4 5 7 9 11 12 13 14 15 16 17 18 19 20 | 20.1
Air Magic      | 5 6 7 8 10 11 13 14 15 16 17 18 19 20 | 20.6
Spellcasting   | 3 4 5 6 8 9 10 12 13 15 16 17 18 19 | 19.9
Stealth        | 3 4 |  4.4
Fighting       | 1 2 3 4 |  4.3
Armour         | 2 3 4 5 6 |  6.3
Dodging        | 3 4 5 |  5.9
Charms         | 1 |  1.4
Fire Magic     | 1 |  1.8
Transmutations | 1 |  1.2
Poison Magic   | 1 |  1.2
Shields        | 3 4 5 6 |  6.0
Summonings     | 2 5 |  5.8
Evocations     | |  0.2

Action                   |  1- 3 |  4- 6 |  7- 9 | 10-12 | 13-15 | 16-18 | 19-21 || total
-------------------------+-------+-------+-------+-------+-------+-------+-------++-------
Melee: Unarmed           |     2 |     5 |     9 |    15 |   133 |       |       ||   164
       Peck              |       |     2 |     2 |     4 |    29 |    11 |     1 ||    49
       Kick              |       |     1 |     2 |     7 |    44 |     9 |     6 ||    69
       Staff             |       |       |       |       |     1 |    29 |    10 ||    40
 Cast: Shock             |    93 |   109 |   281 |   508 |   440 |   134 |    32 ||  1597
       Throw Flame       |       |       |     6 |    15 |       |     6 |     5 ||    32
       Lightning Bolt    |       |       |    32 |   186 |   645 |   569 |   175 ||  1607
       Swiftness         |       |       |     1 |     7 |     8 |     8 |     1 ||    25
       Call Imp          |       |       |       |       |     8 |     2 |     1 ||    11
       Orb of Destructio |       |       |       |       |     6 |    84 |    10 ||   100
       Summon Lightning  |       |       |       |       |       |    17 |     2 ||    19
       Conjure Ball Ligh |       |       |       |       |       |     2 |     3 ||     5
       Spellforged Servi |       |       |       |       |       |    10 |    12 ||    22
       Tornado           |       |       |       |       |       |       |     1 ||     1
 Abil: Fly               |       |       |       |     3 |     1 |       |       ||     4
       Blink             |       |       |       |       |       |     1 |       ||     1
Evoke: Wand              |       |       |     2 |     1 |     7 |       |       ||    10
  Use: Scroll            |     3 |       |     6 |    14 |    14 |    17 |    10 ||    64
       Potion            |       |       |     1 |       |    13 |     5 |     4 ||    23
  Eat: Chunk             |     5 |     5 |    15 |    31 |    82 |    24 |     9 ||   171
       Fruit             |       |       |     2 |     1 |     1 |     1 |     2 ||     7
       Meat ration       |       |       |     1 |     3 |     5 |    11 |     2 ||    22
       Bread ration      |       |       |       |     5 |     3 |     1 |       ||     9
       Royal jelly       |       |       |       |     2 |     5 |     1 |       ||     8
Armor: Robe              |     4 |     3 |     6 |     5 |       |       |       ||    18
       Skin              |       |       |     2 |       |       |       |       ||     2
       Acid dragon scale |       |       |       |   113 |   205 |   128 |    28 ||   474
Dodge: Dodged            |     7 |    18 |    64 |   257 |   359 |   282 |    41 ||  1028
Block: Buckler           |       |       |       |       |   128 |   201 |    10 ||   339
       Reflection        |       |       |       |       |    14 |    17 |    23 ||    54
       Shield            |       |       |       |       |       |       |    48 ||    48
